 Dungeon Crawl Stone Soup version 0.22-a0-240-g539252a (webtiles) character file.

80 RoseArtemis the Skirmisher (level 4, -6/40 HPs)
             Began as a Minotaur Fighter on Feb 21, 2018.
             Killed from afar by a goblin (16 damage)
             ... with an exploding inner flame
             ... led by Robin
             ... hexed by the player character
             ... on level 2 of the Dungeon.
             The game lasted 00:04:25 (1242 turns).

RoseArtemis the Skirmisher (Minotaur Fighter)       Turns: 1242, Time: 00:04:27

Health: -6/40      AC:  2    Str: 21    XL:     4   Next: 18%
Magic:  3/3        EV:  7    Int:  5    God:
Gold:   62         SH: 10    Dex: 10    Spells: 3/3 levels left

rFire    . . .     SeeInvis .   a - +1 war axe
rCold    . . .     Gourm    .   c - +1 shield
rNeg     . . .     Faith    .   b - +0 scale mail
rPois    .         Spirit   .   (helmet restricted)
rElec    .         Reflect  .   (no cloak)
rCorr    .         Harm     .   (no gloves)
MR       .....                  (no boots)
Stlth    ..........             (no amulet)
HPRegen  0.13/turn              i - ring of flight
MPRegen  0.08/turn              m - -5 ring of protection (curse)

@: no status effects
A: retaliatory headbutt, horns 2
a: Evoke Flight


You were on level 2 of the Dungeon.
You were not hungry.

You visited 1 branch of the dungeon, and saw 2 of its levels.

You collected 62 gold pieces.

Inventory:

Hand Weapons
 a - a +1 war axe (weapon)
Armour
 b - a +0 scale mail (worn)
 c - a +1 shield (worn)
Jewellery
 i - a ring of flight (left hand)
 m - a cursed -5 ring of protection (right hand)
Scrolls
 q - a scroll of identify {unknown}
Potions
 d - a potion of might
 e - a potion of degeneration {unknown}
 j - a potion of mutation {unknown}
Comestibles
 f - 2 rations
 p - 4 chunks of flesh


   Skills:
 + Level 4.2 Fighting
 * Level 3.9 Axes
 + Level 4.2 Armour
 + Level 4.2 Shields


You had 3 spell levels left.
You didn't know any spells.

Dungeon Overview and Level Annotations

Branches:
Dungeon (2/15)

Altars:

Annotations:
D:2 Sigmund


Innate Abilities, Weirdness & Mutations

You reflexively headbutt those who attack you in melee.
You have a pair of horns on your head.


Message History

Your scale mail prevents you from hitting the goblin.
You block the goblin's attack.
You slash the goblin!
You kill the goblin!
You closely miss the goblin. The goblin hits you with a club.
* * * LOW HITPOINT WARNING * * *
Something hits you.
* * * LOW HITPOINT WARNING * * *
The goblin barely misses you.
A goblin comes into view. It is wielding a dagger.
The goblin moves out of view.
Things that are here:
a club; a goblin corpse
As you read the scroll labeled OGAR COIPSEC, it crumbles to dust.
The creatures around you are filled with an inner flame!
It was a scroll of immolation.
You block the goblin's attack.
You slash the goblin!
The goblin explodes!
The fiery explosion engulfs you!
You die...

####.#######
#.......@§§#
#....#####§#
#.. #†# #
#)# #.# #g#
..g ... ...


There were no monsters in sight!

Vanquished Creatures
  Robin (D:2)
  An adder (D:2)
  An ooze (D:1)
  3 dart slugs (D:1)
  A leopard gecko (D:1)
  2 ball pythons (D:1)
  2 bats (D:2)
  7 goblins
  13 hobgoblins
  6 kobolds (D:1)
  A frilled lizard (D:1)
  5 rats (D:1)
  4 toadstools (D:1)
47 creatures vanquished.

Notes
Turn   | Place    | Note
-------+----------+-------------------------------------------
     0 | D:1      | RoseArtemis the Minotaur Fighter began the quest for the Orb.
     0 | D:1      | Reached XP level 1. HP: 19/19 MP: 0/0
   208 | D:1      | Reached XP level 2. HP: 27/27 MP: 1/1
   489 | D:1      | Reached XP level 3. HP: 23/33 MP: 2/2
  1217 | D:2      | Noticed Robin
  1227 | D:2      | Killed Robin
  1227 | D:2      | Reached XP level 4. HP: 16/40 MP: 3/3
  1228 | D:2      | Noticed Sigmund
  1242 | D:2      | Killed from afar by a goblin

Vault maps used:
D:1:      ldierk_water_garden
D:2:      old_standard_altar, first_ration, corner_web_ring,
          uniq_crazy_yiuf_cottage, uniq_sigmund, uniq_robin

Skill      XL: |  1  2  3 |
---------------+----------+-----
Axes           | 3 |  3.9
Shields        | 4 |  4.2
Armour         | 4 |  4.2
Fighting       | 4 |  4.2

Action                   |  1- 3 |  4- 6 || total
-------------------------+-------+-------++-------
Melee: War axe           |    92 |    11 ||   103
       Headbutt          |    14 |     1 ||    15
  Use: Scroll            |     5 |     1 ||     6
  Eat: Chunk             |     1 |       ||     1
Armor: Scale mail        |    30 |       ||    30
Dodge: Dodged            |    22 |     1 ||    23
Block: Shield            |    42 |     7 ||    49

Table legend:
 A = Spawn XP
 B = Non-spawn XP
 C = Spawn XP percentage of total XP
 D = Spawn monster count
 E = Non-spawn monster count
 F = Spawn count percentage of total count
 G = Total turns spent on level
                    A         B        C        D         E        F      G
               +---------+---------+-------+---------+---------+-------+---------
         Total |       0 |     115 |   0.0 |       0 |      43 |   0.0 |  1242
               +---------+---------+-------+---------+---------+-------+---------
           D:1 |       0 |      62 |   0.0 |       0 |      29 |   0.0 |  1115
           D:2 |       0 |      53 |   0.0 |       0 |      14 |   0.0 |   127
               +---------+---------+-------+---------+---------+-------+---------
